 Dungeon Crawl Stone Soup version 0.27-a0-909-g0721f309d1 (webtiles) character file.

Game seed: 45573925815567586

57 robertstho the Shield-Bearer (level 3, -4/34 HPs)
             Began as a Deep Dwarf Fighter on Apr 8, 2021.
             Slain by a gnoll
             ... wielding a +0 halberd
              (11 damage)
             ... on level 2 of the Dungeon.
             The game lasted 00:02:11 (1235 turns).

robertstho the Shield-Bearer (Deep Dwarf Fighter)   Turns: 1235, Time: 00:02:15

Health: -4/34      AC:  7    Str: 20    XL:     3   Next: 73%
Magic:  1/1        EV:  7    Int:  8    God:
Gold:   63         SH:  9    Dex: 12    Spells: 2/2 levels left

rFire    + . .     SeeInvis .   a - +0 war axe
rCold    . . .     Faith    .   c - +0 kite shield
rNeg     . . .     Spirit   .   b - +0 scale mail
rPois    .         Reflect  .   (no helmet)
rElec    .         Harm     .   (no cloak)
rCorr    .         Rampage  .   (no gloves)
Will     .....                  (no boots)
Stlth    ..........             (no amulet)
HPRegen  0.00/turn              g - ring of protection from fire
MPRegen  0.07/turn              (no ring)

@: non-regenerating
A: damage resistance, heal wounds, sense surroundings 1, no regeneration
a: Heal Wounds


You were on level 2 of the Dungeon.
You visited 1 branch of the dungeon, and saw 2 of its levels.

You collected 63 gold pieces.

Inventory:

Hand Weapons
 a - a +0 war axe (weapon)
Armour
 b - a +0 scale mail (worn)
 c - a +0 kite shield (worn)
Jewellery
 g - a ring of protection from fire (left hand)
Scrolls
 e - a scroll of teleportation
Potions
 d - a potion of might
 f - 2 potions of invisibility
 h - a potion of lignification {unknown}


   Skills:
 * Level 3.0 Fighting
 + Level 3.0 Axes
 * Level 3.8 Armour
 + Level 0.1 Dodging
 + Level 0.1 Stealth
 + Level 3.9 Shields


You had 2 spell levels left.
You didn't know any spells.
Your spell library was empty.

Dungeon Overview and Level Annotations

Branches:
Dungeon (2/15)

Altars:


Innate Abilities, Weirdness & Mutations

You are resistant to damage.
You can heal yourself by infusing magical energy.
You passively map a small area around you.
You do not regenerate.


Message History

* * * LOW HITPOINT WARNING * * *
The gnoll hits you from afar with a +0 spear.
* * * LOW HITPOINT WARNING * * *
You see here a bat corpse.
You hit the gnoll.
The gnoll is moderately wounded.
The gnoll barely misses you. x2
A gnoll comes into view. It is wielding a +0 club.
You block the gnoll's attack.
Your magical essence is drained by the effort!
You feel much better.
The gnoll hits you from afar with a +0 spear.
You block the gnoll's attack.
You fail to use your ability.
The gnoll hits you from afar with a +0 spear.
You block the gnoll's attack.
You barely miss the gnoll.
The gnoll is moderately wounded.
The gnoll hits you but does no damage. You block the gnoll's attack.
The gnoll hits you from afar with a +0 spear.
You barely miss the gnoll.
The gnoll is moderately wounded.
The gnoll hits you with a +0 halberd. You block the gnoll's attack.
The gnoll misses you. The gnoll closely misses you.
You slash the gnoll!
The gnoll is severely wounded.
The gnoll hits you with a +0 halberd!
The gnoll hits you from afar with a +0 spear.
The gnoll hits you with a +0 halberd!
You closely miss the gnoll.
The gnoll is severely wounded.
You block the gnoll's attack. The gnoll hits you with a +0 halberd.
The gnoll barely misses you.
You closely miss the gnoll.
The gnoll is severely wounded.
The gnoll hits you with a +0 halberd.
The gnoll hits you from afar with a +0 spear.
* * * LOW HITPOINT WARNING * * *
The gnoll hits you with a +0 halberd!
You die...

,, , #.######.##...# ,
.######.### #.##...# , ,
..........####.##...####
....................'...
,
,........#..######...####
.########..# ##### # * *
#....# # , #.##.#* # , ,
#@##..# # , , #g###.# # *
,#g# *.. # ,
#g#**#.########### , ...,
..#.......## , ..... *
.#.......## * , ......#
.........## ##.#+##.
.........#. * * #. * ..
.........#.


You could see 3 gnolls.

Vanquished Creatures
  A gnoll (D:2)
  A dart slug (D:2)
  6 bats
  3 endoplasms
  2 giant cockroaches (D:1)
  2 hobgoblins (D:1)
  4 jackals (D:1)
  A quokka (D:2)
  6 ball pythons
  4 frilled lizards
  A goblin (D:1)
  11 kobolds
  5 rats
47 creatures vanquished.

Vanquished Creatures (others)
  3 plants (D:1)
3 creatures vanquished.

Grand Total: 50 creatures vanquished

Notes
Turn   | Place    | Note
-------+----------+-------------------------------------------
     0 | D:1      | robertstho the Deep Dwarf Fighter began the quest for the
                  | Orb.
     0 | D:1      | Reached XP level 1. HP: 20/20 MP: 1/1
   218 | D:1      | Reached XP level 2. HP: 25/27 MP: 2/2
   795 | D:2      | Found a faded altar of an unknown god.
   846 | D:2      | Reached XP level 3. HP: 34/34 MP: 3/3
  1235 | D:2      | Slain by a gnoll

Illustrated notes

Levels and vault maps discovered:
D:1:      minmay_arrival_nine_rooms, layout_loops_ring, lexackson_kobold_supper
D:2:      minmay_angry_zag, layout_basic, basic_ecumenical_altar, minmay_cupped,
          uniq_robin

Skill      XL: |  1  2  3 |
---------------+----------+-----
Fighting       | 3 |  3.0
Axes           | 3 |  3.0
Armour         | |  3.8
Dodging        | |  0.1
Stealth        | |  0.1
Shields        | |  3.9

Action                   || total
-------------------------++-------
Melee: War axe           ||   156
 Abil: Heal Wounds       ||     3
  Use: Scroll            ||     3
Armor: Scale mail        ||    89
Dodge: Dodged            ||    64
Block: Kite shield       ||   112

Table legend: (Time is in decaauts)
 A = Elapsed time spent in this place.
 B = Non-inter-level travel time spent in this place.
 C = Inter-level travel time spent in this place.
 D = Time resting spent in this place.
 E = Time spent auto-exploring this place.
 F = Levels seen in this place.
 G = Mean time per level.
                   A        B        C        D        E       F      G
               +--------+--------+--------+--------+--------+-----+--------+
         Total |   1326 |   1280 |     46 |      0 |    920 |   2 |  663.0 |
       Dungeon |   1326 |   1280 |     46 |      0 |    920 |   2 |  663.0 |
               +--------+--------+--------+--------+--------+-----+--------+

Top non-repeatable levels by time:
     D:1: 835 daAuts
     D:2: 490 daAuts
